 Dungeon Crawl Stone Soup version 0.18-a0-1577-gf591c28 (webtiles) character file.

100 M4edhros the Vexing (level 4, -1/28 HPs)
             Began as an Octopode Arcane Marksman on Mar 20, 2016.
             Slain by an orc priest
             ... wielding a +0 dagger of flaming
              (5 damage)
             ... on level 3 of the Dungeon.
             The game lasted 00:02:20 (1969 turns).

M4edhros the Vexing (Octopode Arcane Marksman)      Turns: 1969, Time: 00:02:21

Health: -1/28      AC:  1    Str: 10    XL:     4   Next: 73%
Magic:  5/5        EV: 12    Int: 15    God:
Gold:   115        SH:  0    Dex: 12    Spells: 2 memorised, 1 level left

rFire  . . .     SeeInvis .     (no weapon)
rCold  . . .     Gourm    .     (no shield)
rNeg   . . .     Faith    .     (helmet restricted)
rPois  .         Spirit   .     (no amulet)
rElec  .         Dismiss  .     (no ring)
rCorr  .         Reflect  .     (no ring)
SustAt .         Harm     .     (no ring)
MR     .....                    (no ring)
Stlth  ++........               (no ring)
                                (no ring)
                                (no ring)
                                (no ring)

@: not resistant to hostile enchantments, unstealthy
A: almost no armour, amphibious, 8 rings, constrict 8, camouflage 1, gelatinous
body 1
a: no special abilities


You were on level 3 of the Dungeon.
You were very hungry.

You visited 1 branch of the dungeon, and saw 3 of its levels.

You collected 115 gold pieces.

Inventory:

Hand Weapons
 q - a +2 hunting sling of flaming
Missiles
 c - 14 sling bullets
 e - 187 stones (quivered)
Scrolls
 h - 4 scrolls of identify {unknown}
 i - a scroll of magic mapping {unknown}
 j - a scroll of remove curse {unknown}
 l - 2 scrolls of random uselessness {unknown}
 o - a scroll of noise {unknown}
Potions
 g - 2 potions of heal wounds {unknown}
 k - a potion of might {unknown}
 n - 2 potions of brilliance {unknown}
Books
 b - a book of Debilitation

   Spells                             Type                      Level
   a - Corona                         Hexes                        1
   b - Slow                           Hexes                        2
   c - Gell's Gravitas                Hexes/Translocation          3
   d - Inner Flame                    Hexes/Fire                   3
   e - Cause Fear                     Hexes                        4
   f - Leda's Liquefaction            Hexes/Earth                  4
Comestibles
 a - a slice of pizza
 d - 2 bread rations
 f - a beef jerky
 p - a meat ration


   Skills:
 - Level 1.0 Fighting
 * Level 2.8 Slings
 - Level 2.0 Dodging
 - Level 1.0 Spellcasting
 + Level 4.9 Hexes


You had one spell level left.
You knew the following spells:

 Your Spells              Type           Power        Failure   Level  Hunger
a - Corona                Hex            ###....      3%          1    ##.....
b - Gell's Gravitas       Hex/Tloc       #.........   30%         3    ####...


Dungeon Overview and Level Annotations

Branches:
Dungeon (3/15)

Altars:

Annotations:
D:3 Natasha


Innate Abilities, Weirdness & Mutations

You cannot wear most types of armour.
You are amphibious.
You can wear up to eight rings at the same time.
You can use your tentacles to constrict eight enemies at once.
Your skin changes colour to match your surroundings (Stealth).
Your rubbery body absorbs attacks (AC +1).


Message History

The orc hits you with a falchion.
The orc priest hits you but does no damage.
You tentacle-slap the orc. Your grab misses the orc.
The orc is moderately wounded.
You constrict the orc priest, but do no damage.
The orc hits you with a club. The orc hits you with a falchion!
* * * LOW HITPOINT WARNING * * *
The orc priest calls down the wrath of Beogh upon you.
Pain shoots through your body!
* * * LOW HITPOINT WARNING * * *
Unknown command.
Drink which item? (? for menu, Esc to quit)
You feel better.
You constrict the orc priest.
Natasha wildly gestures.
You feel disoriented. The orc hits you with a club.
* * * LOW HITPOINT WARNING * * *
The orc barely misses you.
The orc priest hits you with a dagger of flaming.
You die...

#####.........#
###.............#
##...##..........#
###....#.....).....#
#......#.#####.#####
####.##.....## #.# ####..
##............####(##.....
...............#.o....# .
............>h..@#..##..((.
...............oo#..##o..o.
....##..........(.....oo.!.
.##.##..........##.((......
.##.............#..#.#.....
..####.....>...##.(......b.
#.###........).....#.#.....
...#.................#.....
#.)................#.. ...=


You could see an orc priest, Natasha and 2 orcs.

Vanquished Creatures
  Natasha (D:3)
  An adder (D:2)
  A shadow imp (D:3)
  2 dart slugs
  2 giant geckos
  4 orcs (D:3)
  3 giant cockroaches (D:2)
  6 goblins
  6 hobgoblins
  3 jackals (D:3)
  2 quokkas (D:3)
  4 bats
  2 giant newts
  3 kobolds (D:2)
  8 rats
48 creatures vanquished.

Notes
Turn   | Place    | Note
--------------------------------------------------------------
     0 | D:1      | M4edhros the Octopode Arcane Marksman began the quest for the Orb.
     0 | D:1      | Reached XP level 1. HP: 13/13 MP: 2/2
   223 | D:1      | Reached XP level 2. HP: 18/18 MP: 3/3
   677 | D:2      | Reached skill level 4 in Hexes
   677 | D:2      | Reached XP level 3. HP: 14/23 MP: 4/4
  1335 | D:2      | Learned a level 3 spell: Gell's Gravitas
  1469 | D:3      | Reached XP level 4. HP: 9/28 MP: 5/5
  1857 | D:3      | Noticed Natasha
  1867 | D:3      | Killed Natasha
  1967 | D:3      | Noticed Natasha
  1968 | D:3      | HP: 1/28 [orc priest/nerve-wracking pain (5)]
  1969 | D:3      | Slain by an orc priest

Vault maps used:
D:1:      evilmike_arrival_rings
D:3:      minitemple, first_bread, uniq_natasha

Skill      XL: |  1  2 |
---------------+-------+-----
Hexes          | 4 |  4.9
Fighting       | |  1.0
Slings         | |  2.8
Dodging        | |  2.0
Spellcasting   | |  1.0

Action                   |  1- 3 |  4- 6 || total
-------------------------+-------+-------++-------
Melee: Unarmed           |     1 |     3 ||     4
 Fire: Hunting sling     |   107 |    39 ||   146
  Use: Potion            |       |     3 ||     3
  Eat: Chunk             |     2 |       ||     2
